[Event "GER-chW Blitz 2019"]
[Site "Magdeburg"]
[Date "2019.05.25"]
[Round "6.8"]
[White "Sieber, Fiona"]
[Black "Kotyk, Valeriya"]
[Result "1-0"]
[ECO "C11"]
[WhiteElo "2250"]
[BlackElo "1739"]
[Annotator "NA"]
[PlyCount "68"]
[EventDate "2019.05.25"]
[EventType "tourn"]
[EventCountry "GER"]
[SourceTitle "playchess.com"]
[Source "ChessBase"]
[SourceQuality "1"]
[TimeControl "180+2"]

1. e4 e6 2. d4 d5 3. Nc3 Nf6 4. e5 Nfd7 5. f4 c5 6. Nf3 Nc6 7. Be3 Qb6 8. Na4 Qa5+ 9. c3 cxd4 10. b4 Qc7 11. Nxd4 a6 12. Bd3 b5 13. Nb2 Nb6 14. O-O Nc4 15. Nxc4 dxc4 16. Be4 Bb7 17. Qf3 Nxd4 18. Bxd4 Bxe4 19. Qxe4 Rd8 20. f5 h5 21. fxe6 fxe6 22. Qg6+ Kd7 23. a4 bxa4 24. Rxa4 Qc6 25. Ra5 Rh6 26. Rf7+ Kc8 27. Qg5 Rh8 28. Rxf8 Rhxf8 29. Rc5 Qxc5 30. Bxc5 Rf7 31. h3 Rd1+ 32. Kh2 Rd3 33. Qg6 Rfd7 34. Qxe6 Rxc3 1-0

[Event "GER-chW Blitz 2019"]
[Site "Magdeburg"]
[Date "2019.05.25"]
[Round "6.9"]
[White "Osmanodja, Filiz"]
[Black "Silz, Elisa"]
[Result "1-0"]
[ECO "B06"]
[WhiteElo "2260"]
[BlackElo "1977"]
[Annotator "NA"]
[PlyCount "113"]
[EventDate "2019.05.25"]
[EventType "tourn"]
[EventCountry "GER"]
[SourceTitle "playchess.com"]
[Source "ChessBase"]
[SourceQuality "1"]
[TimeControl "180+2"]

1. e4 g6 2. d4 Bg7 3. Nf3 c6 4. c3 d5 5. e5 Bg4 6. Be2 f6 7. Bf4 Nd7 8. exf6 Ngxf6 9. Ne5 Bxe2 10. Qxe2 O-O 11. O-O Nh5 12. Bg3 Nxg3 13. hxg3 Nxe5 14. dxe5 Rf5 15. f4 e6 16. g4 Rf7 17. g3 Qb6+ 18. Qf2 Qxf2+ 19. Rxf2 Raf8 20. Nd2 g5 21. Raf1 Bh6 22. f5 exf5 23. e6 Rf6 24. Rxf5 Rxe6 25. Rxf8+ Bxf8 26. Nf3 Be7 27. Nd4 Rf6 28. Nf5 Bd8 29. Re1 Bb6+ 30. Kg2 Bc5 31. b4 Bf8 32. Re8 Kf7 33. Rb8 Re6 34. Rxb7+ Kg6 35. Kf2 c5 36. b5 d4 37. cxd4 cxd4 38. Rd7 Bc5 39. Rd5 Bb6 40. Kf3 Kf7 41. Nxd4 Bxd4 42. Rxd4 Ke7 43. Rc4 Rd6 44. Rc7+ Rd7 45. Rxd7+ Kxd7 46. Ke4 Kd6 47. Kf5 h6 48. Kg6 Kc5 49. Kxh6 Kxb5 50. Kxg5 Kb4 51. Kf4 Ka3 52. g5 Kxa2 53. g6 a5 54. g7 a4 55. g8=Q+ Kb2 56. g4 a3 57. g5 1-0

[Event "GER-chW Blitz 2019"]
[Site "Magdeburg"]
[Date "2019.05.25"]
[Round "6.10"]
[White "Michna, Marta"]
[Black "Rath, Alina"]
[Result "1-0"]
[ECO "D00"]
[WhiteElo "2355"]
[BlackElo "2042"]
[Annotator "NA"]
[PlyCount "117"]
[EventDate "2019.05.25"]
[EventType "tourn"]
[EventCountry "GER"]
[SourceTitle "playchess.com"]
[Source "ChessBase"]
[SourceQuality "1"]
[TimeControl "180+2"]

1. d4 d5 2. Bf4 Nf6 3. e3 e6 4. Nd2 c5 5. c3 Nc6 6. Ngf3 Bd6 7. Bg3 O-O 8. Ne5 Qc7 9. f4 b6 10. Bd3 Bb7 11. Qf3 Ne7 12. Bh4 Ne8 13. O-O g6 14. Qh3 Nf5 15. Bf2 f6 16. Nef3 Rf7 17. g4 Nfg7 18. Nh4 f5 19. Ndf3 Nf6 20. Ng5 Re7 21. Qg2 Nxg4 22. h3 Nf6 23. Ngf3 Ne4 24. Ne5 Bxe5 25. fxe5 Qc8 26. Kh1 Rf7 27. Bg1 Qd8 28. Bxe4 dxe4 29. Qg3 c4 30. Ng2 Nh5 31. Qe1 Rg7 32. Bh2 Rf7 33. Nf4 Nxf4 34. Bxf4 Rc8 35. Rg1 Kh8 36. Bg5 Qf8 37. Qh4 Kg8 38. Raf1 Rcc7 39. Rf4 Rg7 40. Bf6 Rcf7 41. Rg5 Rxf6 42. exf6 Qxf6 43. Qh6 e5 44. Rfxf5 Qe7 45. Rxe5 Qf7 46. Rg2 Qf1+ 47. Kh2 Bc6 48. d5 Bd7 49. Qf4 Qe1 50. Qxe4 Rf7 51. Re8+ Kg7 52. Qe5+ Kh6 53. Qg5+ Kg7 54. Re7 Bf5 55. Rxf7+ Kxf7 56. d6 Qd1 57. Qe7+ Kg8 58. Qe5 Kf7 59. e4 1-0

[Event "GER-chW Blitz 2019"]
[Site "Magdeburg"]
[Date "2019.05.25"]
[Round "6.11"]
[White "Muetsch, Annmarie"]
[Black "Birkholz, Olga"]
[Result "1-0"]
[ECO "B28"]
[WhiteElo "2266"]
[BlackElo "2031"]
[Annotator "NA"]
[PlyCount "133"]
[EventDate "2019.05.25"]
[EventType "tourn"]
[EventCountry "GER"]
[SourceTitle "playchess.com"]
[Source "ChessBase"]
[SourceQuality "1"]
[TimeControl "180+2"]

1. e4 c5 2. Nf3 a6 3. d3 g6 4. Nbd2 Bg7 5. g3 d6 6. Bg2 Nc6 7. O-O Nf6 8. c3 e5 9. Re1 O-O 10. Nf1 h6 11. h4 Be6 12. Qe2 Qc7 13. Ne3 b5 14. Nh2 b4 15. Nd5 Bxd5 16. exd5 Ne7 17. c4 Nf5 18. Be3 Rae8 19. Ng4 Nxe3 20. Nxf6+ Bxf6 21. fxe3 a5 22. h5 Bg5 23. Qg4 Qc8 24. Bh3 Qxg4 25. Bxg4 f5 26. Bd1 Kg7 27. e4 fxe4 28. dxe4 Rf6 29. Bg4 Ref8 30. hxg6 Rf2 31. Bf5 Rxb2 32. Reb1 Rc2 33. Rf1 Be3+ 34. Kh1 Bd4 35. Rac1 Rc3 36. Kg2 Rc2+ 37. Rxc2 Bc3 38. g4 Bd4 39. Rh1 Be3 40. Rh5 Bg5 41. Re2 Bf4 42. Re1 Bg5 43. Reh1 Bf4 44. Ra1 Bg5 45. Rhh1 Be3 46. Rab1 Bd4 47. g5 Be3 48. gxh6+ Bxh6 49. a3 Rb8 50. axb4 cxb4 51. Ra1 Ra8 52. Rhb1 Bd2 53. Ra4 Bc3 54. Kf3 Kf6 55. Kg4 Bd2 56. Rb3 Bc3 57. Kf3 Bd2 58. Ke2 Bc3 59. Kd3 Rh8 60. Rxa5 Rh3+ 61. Ke2 Rh2+ 62. Kf1 Rh1+ 63. Kg2 Rc1 64. Ra2 Re1 65. Rc2 Re3 66. Kf2 Rh3 67. Bxh3 1-0

[Event "GER-chW Blitz 2019"]
[Site "Magdeburg"]
[Date "2019.05.25"]
[Round "6.12"]
[White "Siegl, Melina"]
[Black "Hofmann, Karina"]
[Result "1/2-1/2"]
[ECO "B00"]
[WhiteElo "2029"]
[BlackElo "1700"]
[Annotator "NA"]
[PlyCount "146"]
[EventDate "2019.05.25"]
[EventType "tourn"]
[EventCountry "GER"]
[SourceTitle "playchess.com"]
[Source "ChessBase"]
[SourceQuality "1"]
[TimeControl "180+2"]

1. e4 b6 2. d4 Bb7 3. Bd3 g6 4. f4 Bg7 5. Nf3 Nc6 6. c3 d6 7. Nbd2 e6 8. Qe2 Nge7 9. Nf1 a6 10. Ne3 Qd7 11. O-O O-O 12. e5 Nf5 13. Nxf5 exf5 14. d5 Na7 15. e6 fxe6 16. dxe6 Qe7 17. Re1 Rfe8 18. Bxa6 Bxa6 19. Qxa6 Nc6 20. Qc4 Nd8 21. Nd4 c5 22. Nb5 Ra5 23. b4 d5 24. Qd3 cxb4 25. cxb4 Ra8 26. Qxd5 Nxe6 27. Rb1 Rad8 28. Qb3 Kh8 29. Bb2 Bxb2 30. Qxb2+ Qg7 31. Re5 Nxf4 32. Rxe8+ Rxe8 33. Qf2 Nd3 34. Qxb6 h5 35. Nd6 Re1+ 36. Rxe1 Nxe1 37. Qe3 Qa1 38. Qh6+ Kg8 39. Qxg6+ Qg7 40. Qxg7+ Kxg7 41. Nxf5+ Kf6 42. Ng3 h4 43. Ne4+ Kf5 44. Nd2 Nd3 45. b5 Nc5 46. b6 Nb7 47. a4 Ke6 48. Nc4 Kd5 49. Ne3+ Kc6 50. Nf5 h3 51. g4 Kxb6 52. g5 Nd8 53. Kf2 Ne6 54. g6 Ka5 55. g7 Nxg7 56. Nxg7 Kxa4 57. Kg3 Kb5 58. Kxh3 Kc5 59. Kg4 Kd6 60. Kg5 Ke7 61. Kg6 Kf8 62. h4 Kg8 63. h5 Kh8 64. h6 Kg8 65. Nh5 Kh8 66. Nf4 Kg8 67. Kh5 Kh7 68. Ng6 Kg8 69. Ne5 Kh7 70. Ng4 Kg8 71. Kg6 Kh8 72. Ne5 Kg8 73. h7+ Kh8 1/2-1/2

[Event "GER-chW Blitz 2019"]
[Site "Magdeburg"]
[Date "2019.05.25"]
[Round "7.1"]
[White "Hofmann, Karina"]
[Black "Roesler, Hannah Clara Hed"]
[Result "1-0"]
[ECO "A02"]
[WhiteElo "1700"]
[BlackElo "1619"]
[Annotator "NA"]
[PlyCount "79"]
[EventDate "2019.05.25"]
[EventType "tourn"]
[EventCountry "GER"]
[SourceTitle "playchess.com"]
[Source "ChessBase"]
[SourceQuality "1"]
[TimeControl "180+2"]

1. f4 e5 2. fxe5 d6 3. exd6 Bxd6 4. Nf3 g5 5. g3 Nf6 6. d4 g4 7. Nh4 Nc6 8. c3 Ne4 9. Qd3 Qe7 10. Bg2 f5 11. O-O Rf8 12. Bh6 Rf7 13. Nd2 Nxd2 14. Qxd2 Bd7 15. Bg5 Qe6 16. d5 Qe5 17. dxc6 bxc6 18. Rae1 Be7 19. Bxe7 Rxe7 20. Nxf5 Re6 21. Nd4 Rd6 22. Qf4 Qxf4 23. Rxf4 O-O-O 24. Rf7 h6 25. e4 Rg6 26. Ref1 c5 27. Nf5 Bb5 28. Ne7+ Kb7 29. Nxg6 Bxf1 30. Bxf1 Rd2 31. e5 Rxb2 32. e6 Kc8 33. Rf8+ Kb7 34. e7 Rxa2 35. e8=Q a5 36. Qa8+ Kb6 37. Rf6+ c6 38. Qxc6+ Ka7 39. Rf7+ Kb8 40. Qb7# 1-0

[Event "GER-chW Blitz 2019"]
[Site "Magdeburg"]
[Date "2019.05.25"]
[Round "7.2"]
[White "Birkholz, Olga"]
[Black "Siegl, Melina"]
[Result "1-0"]
[ECO "A80"]
[WhiteElo "2031"]
[BlackElo "2029"]
[Annotator "NA"]
[PlyCount "69"]
[EventDate "2019.05.25"]
[EventType "tourn"]
[EventCountry "GER"]
[SourceTitle "playchess.com"]
[Source "ChessBase"]
[SourceQuality "1"]
[TimeControl "180+2"]

1. d4 f5 2. Nc3 d6 3. e4 fxe4 4. Nxe4 g6 5. Bd3 Bg7 6. c3 Nf6 7. Ng3 c6 8. Nf3 O-O 9. h3 Qe8 10. O-O e5 11. Re1 Nbd7 12. Qb3+ Kh8 13. Ng5 d5 14. dxe5 h6 15. Nf3 Ng8 16. Qc2 Ne7 17. Bd2 Nc5 18. Bf1 Nf5 19. b4 Nxg3 20. fxg3 Ne4 21. Rxe4 dxe4 22. Qxe4 Bf5 23. Qe3 Rd8 24. Re1 Bxh3 25. Nd4 Bg4 26. Bd3 Rd5 27. Qe4 Rxe5 28. Qxg4 Rxe1+ 29. Kh2 Re5 30. Bxg6 Qe7 31. Bf4 Re1 32. Bd3 Ra1 33. Qg6 Bxd4 34. cxd4 Rg8 35. Qxh6+ {Qd8} 1-0

[Event "GER-chW Blitz 2019"]
[Site "Magdeburg"]
[Date "2019.05.25"]
[Round "7.3"]
[White "Rath, Alina"]
[Black "Muetsch, Annmarie"]
[Result "0-1"]
[ECO "A16"]
[WhiteElo "2042"]
[BlackElo "2266"]
[Annotator "NA"]
[PlyCount "102"]
[EventDate "2019.05.25"]
[EventType "tourn"]
[EventCountry "GER"]
[SourceTitle "playchess.com"]
[Source "ChessBase"]
[SourceQuality "1"]
[TimeControl "180+2"]

1. c4 Nf6 2. Nc3 g6 3. g3 Bg7 4. Bg2 O-O 5. e4 d6 6. Nge2 c5 7. O-O Nc6 8. d3 Bg4 9. h3 Bxe2 10. Nxe2 a6 11. f4 Rb8 12. Be3 Ne8 13. Rb1 b5 14. b3 Nc7 15. Qd2 Qd7 16. Kh2 Ne6 17. f5 Ned4 18. g4 Be5+ 19. Kh1 Nxe2 20. Qxe2 Nd4 21. Qf2 e6 22. f6 Rfd8 23. g5 a5 24. Bxd4 Bxd4 25. Qh4 Qe8 26. Bf3 Be5 27. Rg1 Qf8 28. Rg4 a4 29. Qe1 axb3 30. axb3 bxc4 31. dxc4 h6 32. h4 h5 33. Rg2 Ra8 34. Qe2 Ra3 35. Qd1 Rda8 36. Be2 Ra1 37. Bd3 Qb8 38. Rg1 Rxb1 39. Qxb1 Qb4 40. Qc2 Ra3 41. Rb1 Kf8 42. Kg2 Ke8 43. Kf3 Kd7 44. Ke3 Bd4+ 45. Kf3 Kc7 46. Ke2 Qa5 47. Kf3 Ra2 48. Qd1 Rf2+ 49. Kg3 Qa2 50. Qh1 Be5+ 51. Kh3 Rh2+ 0-1

[Event "GER-chW Blitz 2019"]
[Site "Magdeburg"]
[Date "2019.05.25"]
[Round "7.4"]
[White "Silz, Elisa"]
[Black "Michna, Marta"]
[Result "0-1"]
[ECO "E94"]
[WhiteElo "1977"]
[BlackElo "2355"]
[Annotator "NA"]
[PlyCount "52"]
[EventDate "2019.05.25"]
[EventType "tourn"]
[EventCountry "GER"]
[SourceTitle "playchess.com"]
[Source "ChessBase"]
[SourceQuality "1"]
[TimeControl "180+2"]

1. d4 Nf6 2. Nf3 d6 3. c4 Nbd7 4. Nc3 e5 5. e4 g6 6. Be2 Bg7 7. O-O O-O 8. Qc2 c6 9. Rd1 Qc7 10. d5 c5 11. h3 Nh5 12. Rb1 Qd8 13. Bg5 f6 14. Be3 Nf4 15. b4 b6 16. bxc5 Nxc5 17. Bxc5 bxc5 18. h4 h6 19. g3 Nxe2+ 20. Qxe2 Bg4 21. Rb7 f5 22. exf5 gxf5 23. Qe3 e4 24. Nxe4 fxe4 25. Qxe4 Bxf3 26. Qg6 Qf6 0-1

[Event "GER-chW Blitz 2019"]
[Site "Magdeburg"]
[Date "2019.05.25"]
[Round "7.5"]
[White "Kotyk, Valeriya"]
[Black "Osmanodja, Filiz"]
[Result "0-1"]
[ECO "A45"]
[WhiteElo "1739"]
[BlackElo "2260"]
[Annotator "NA"]
[PlyCount "86"]
[EventDate "2019.05.25"]
[EventType "tourn"]
[EventCountry "GER"]
[SourceTitle "playchess.com"]
[Source "ChessBase"]
[SourceQuality "1"]
[TimeControl "180+2"]

1. d4 Nf6 2. Bg5 e6 3. c4 c5 4. d5 d6 5. Nc3 e5 6. e4 Be7 7. Nf3 h6 8. Be3 O-O 9. Be2 Ng4 10. O-O f5 11. exf5 Bxf5 12. Nd2 Nxe3 13. fxe3 Bg5 14. e4 Be3+ 15. Kh1 Bg6 16. Nf3 Nd7 17. Qd3 Bd4 18. Nd2 Nf6 19. Bf3 Nh5 20. Bxh5 Bxh5 21. Rxf8+ Qxf8 22. Rf1 Qe7 23. Nf3 Rf8 24. b3 Bg6 25. Ne2 Qd7 26. Ng3 Qg4 27. Qe2 h5 28. Rd1 Rf4 29. Re1 Bc3 30. Rc1 Bd4 31. Re1 h4 32. Nf1 Rxe4 33. Qd1 Rxe1 34. Qxe1 e4 35. Nxd4 cxd4 36. Nd2 e3 37. Nf3 Be4 38. Qe2 Bxf3 39. gxf3 Qf5 40. Kg2 h3+ 41. Kg3 g5 42. a4 Kg7 43. b4 Kh6 0-1

[Event "GER-chW Blitz 2019"]
[Site "Magdeburg"]
[Date "2019.05.25"]
[Round "7.6"]
[White "Fuchs, Judith"]
[Black "Sieber, Fiona"]
[Result "1/2-1/2"]
[ECO "A45"]
[WhiteElo "2218"]
[BlackElo "2250"]
[Annotator "NA"]
[PlyCount "109"]
[EventDate "2019.05.25"]
[EventType "tourn"]
[EventCountry "GER"]
[SourceTitle "playchess.com"]
[Source "ChessBase"]
[SourceQuality "1"]
[TimeControl "180+2"]

1. d4 Nf6 2. Bf4 e6 3. e3 c5 4. c3 Nc6 5. Nd2 cxd4 6. exd4 Be7 7. Bd3 Nd5 8. Bg3 f5 9. h3 O-O 10. Ngf3 b6 11. Qe2 Bb7 12. Ne5 Nxe5 13. Bxe5 d6 14. Bh2 Qd7 15. O-O Bf6 16. Rfe1 Rae8 17. Nf3 Bc6 18. a3 Kh8 19. Qc2 g5 20. Re2 Rg8 21. Rae1 Nf4 22. Bxf4 gxf4 23. Kh2 Bxf3 24. gxf3 Re7 25. Rg1 Reg7 26. Ree1 Qf7 27. Qd2 Rxg1 28. Rxg1 Rxg1 29. Kxg1 Qh5 30. Kh2 Qxf3 31. Qe2 Qd5 32. f3 Kg7 33. Qg2+ Kf7 34. Qe2 Qb7 35. Kg2 Qc8 36. Kh2 Qg8 37. Qf2 Qg5 38. Bc2 Qh5 39. Bb3 Bh4 40. Qe2 Bg3+ 41. Kg2 Qg6 42. Kh1 d5 43. Bc2 Bh4 44. Qg2 Qg3 45. Qxg3 fxg3 46. f4 h5 47. Kg2 Kg6 48. Bd1 Kh6 49. Be2 Kg6 50. Bb5 Kf6 51. Be8 a5 52. Bxh5 Ke7 53. Be2 Kf6 54. Bd3 Ke7 55. Be2 1/2-1/2

[Event "GER-chW Blitz 2019"]
[Site "Magdeburg"]
[Date "2019.05.25"]
[Round "7.7"]
[White "Lubbe, Melanie"]
[Black "Daemering, Katrin"]
[Result "0-1"]
[ECO "A44"]
[WhiteElo "2278"]
[BlackElo "2003"]
[Annotator "NA"]
[PlyCount "76"]
[EventDate "2019.05.25"]
[EventType "tourn"]
[EventCountry "GER"]
[SourceTitle "playchess.com"]
[Source "ChessBase"]
[SourceQuality "1"]
[TimeControl "180+2"]

1. d4 c5 2. d5 e5 3. e4 d6 4. c4 g6 5. Nc3 Bg7 6. Be3 Ne7 7. Qd2 a6 8. f3 f5 9. Bh6 O-O 10. h4 f4 11. Bg5 h6 12. Bxe7 Qxe7 13. Bd3 Nd7 14. Qf2 Nf6 15. g3 Nh5 16. Nge2 fxg3 17. Nxg3 Nf4 18. O-O-O Bd7 19. Nce2 Nxd3+ 20. Rxd3 b5 21. Nc3 bxc4 22. Rd2 Qf6 23. Rf1 Rab8 24. Nge2 Rb4 25. Qg3 Rfb8 26. Rg1 Kh7 27. Rg2 Be8 28. Ng1 Qf4 29. Nh3 Qxg3 30. Rxg3 Bf6 31. Rg4 Bd7 32. Rg3 Bxh4 33. Rdg2 Bxg3 34. Rxg3 Bxh3 35. Rxh3 Rxb2 36. Rh1 Rf2 37. Rh3 Rbb2 38. Kd1 Rf1# 0-1

[Event "GER-chW Blitz 2019"]
[Site "Magdeburg"]
[Date "2019.05.25"]
[Round "7.8"]
[White "Ries, Jutta"]
[Black "Kreismann, Franziska"]
[Result "1-0"]
[ECO "A02"]
[WhiteElo "2017"]
[BlackElo "1589"]
[Annotator "NA"]
[PlyCount "23"]
[EventDate "2019.05.25"]
[EventType "tourn"]
[EventCountry "GER"]
[SourceTitle "playchess.com"]
[Source "ChessBase"]
[SourceQuality "1"]
[TimeControl "180+2"]

1. f4 c6 2. Nf3 d5 3. b3 Bf5 4. Bb2 Nf6 5. e3 e6 6. Be2 Bc5 7. O-O O-O 8. Nh4 h5 9. Nxf5 exf5 10. Bxh5 Nxh5 11. Qxh5 g6 12. Qh8# 1-0

[Event "GER-chW Blitz 2019"]
[Site "Magdeburg"]
[Date "2019.05.25"]
[Round "7.9"]
[White "Kushka, Alena"]
[Black "Kunze, Kerstin"]
[Result "1-0"]
[ECO "E20"]
[WhiteElo "2148"]
[BlackElo "2066"]
[Annotator "NA"]
[PlyCount "87"]
[EventDate "2019.05.25"]
[EventType "tourn"]
[EventCountry "GER"]
[SourceTitle "playchess.com"]
[Source "ChessBase"]
[SourceQuality "1"]
[TimeControl "180+2"]

1. d4 Nf6 2. c4 e6 3. Nc3 Bb4 4. f3 d5 5. a3 Bxc3+ 6. bxc3 O-O 7. cxd5 exd5 8. e3 c5 9. Bd3 Qa5 10. Bd2 Qc7 11. Ne2 b6 12. O-O Ba6 13. Bxa6 Nxa6 14. Ng3 g6 15. e4 cxd4 16. cxd4 Rac8 17. e5 Ne8 18. Bh6 Ng7 19. Rc1 Qd7 20. Qd3 Nb8 21. f4 Nc6 22. f5 Rfe8 23. Bxg7 Kxg7 24. f6+ Kh8 25. Qe3 Qg4 26. Rf4 Qg5 27. h4 Qh6 28. Qf2 Na5 29. Rxc8 Rxc8 30. h5 Nc4 31. e6 fxe6 32. f7 Rf8 33. hxg6 hxg6 34. Ne2 Nd6 35. Rh4 Kg7 36. Rxh6 Kxh6 37. Qf6 Rxf7 38. Qh4+ Kg7 39. Nf4 Nf5 40. Nxe6+ Kg8 41. Qd8+ Kh7 42. Ng5+ Kh6 43. Nxf7+ Kh5 44. Qg5# 1-0

[Event "GER-chW Blitz 2019"]
[Site "Magdeburg"]
[Date "2019.05.25"]
[Round "7.10"]
[White "Schulze, Lara"]
[Black "Gheng, Simona"]
[Result "0-1"]
[ECO "B75"]
[WhiteElo "2160"]
[BlackElo "1991"]
[Annotator "NA"]
[PlyCount "97"]
[EventDate "2019.05.25"]
[EventType "tourn"]
[EventCountry "GER"]
[SourceTitle "playchess.com"]
[Source "ChessBase"]
[SourceQuality "1"]
[TimeControl "180+2"]

1. e4 c5 2. Nf3 d6 3. d4 cxd4 4. Nxd4 Nf6 5. Nc3 g6 6. Be3 Bg7 7. f3 Nc6 8. Qd2 O-O 9. g4 h5 10. gxh5 Nxh5 11. O-O-O Nxd4 12. Bxd4 Bxd4 13. Qxd4 Qa5 14. Kb1 Qc5 15. Nd5 e5 16. Ne7+ Kg7 17. Qxd6 Qxd6 18. Rxd6 Be6 19. Nd5 Rfd8 20. Rxd8 Rxd8 21. c4 b5 22. b3 bxc4 23. Bxc4 Bxd5 24. Bxd5 Nf4 25. Rd1 Rh8 26. Rd2 Rh3 27. Bc4 Rxf3 28. Rd7 Nh5 29. Rxa7 Rf2 30. a4 Rxh2 31. Rxf7+ Kh6 32. a5 Rh1+ 33. Kb2 Rd1 34. a6 Rd8 35. a7 Nf4 36. Bb5 g5 37. Bc6 Kg6 38. Rc7 g4 39. a8=Q Rxa8 40. Bxa8 g3 41. Rc8 Kg7 42. Rc7+ Kg6 43. Rc8 Kg7 44. Rc1 g2 45. Rg1 Kh6 46. Kc3 Ne2+ 47. Kd2 Nxg1 48. Ke3 Nh3 {[%emt 0:00:02] Kf2 g1=Q+} 49. Ke2 {[%emt 0:00:00] Qa7 [%clk 0:00:52]} 0-1

[Event "GER-chW Blitz 2019"]
[Site "Magdeburg"]
[Date "2019.05.25"]
[Round "7.11"]
[White "Braje, Monika"]
[Black "Kopylov, Luba"]
[Result "1-0"]
[ECO "B21"]
[WhiteElo "1781"]
[BlackElo "2078"]
[Annotator "NA"]
[PlyCount "73"]
[EventDate "2019.05.25"]
[EventType "tourn"]
[EventCountry "GER"]
[SourceTitle "playchess.com"]
[Source "ChessBase"]
[SourceQuality "1"]
[TimeControl "180+2"]

1. e4 c5 2. d4 cxd4 3. c3 d6 4. cxd4 Nf6 5. Nc3 g6 6. Nf3 Bg7 7. Bc4 O-O 8. O-O Bg4 9. h3 Bxf3 10. Qxf3 Nc6 11. Rd1 Rc8 12. Bb3 Qb6 13. Be3 Na5 14. Na4 Qb5 15. Nc3 Qb4 16. e5 Ne8 17. Nd5 Nxb3 18. Nxb4 Nxa1 19. Rxa1 dxe5 20. dxe5 Bxe5 21. Rb1 Nd6 22. Nd5 Nf5 23. Bd2 Rc2 24. Bc3 Nd4 25. Nxe7+ Kg7 26. Bxd4 Bxd4 27. Rf1 Re8 28. Nd5 Ree2 29. Ne3 Rxb2 30. Qd5 Bxe3 31. fxe3 Red2 32. Qe5+ Kh6 33. Qf4+ g5 34. Qf6+ Kh5 35. Qxf7+ Kh4 36. Qxh7+ Kg3 37. Rf3# 1-0

[Event "GER-chW Blitz 2019"]
[Site "Magdeburg"]
[Date "2019.05.25"]
[Round "7.12"]
[White "Mader, Lena"]
[Black "Zimmer, Elke"]
[Result "1-0"]
[ECO "A28"]
[WhiteElo "1839"]
[BlackElo "1926"]
[Annotator "NA"]
[PlyCount "109"]
[EventDate "2019.05.25"]
[EventType "tourn"]
[EventCountry "GER"]
[SourceTitle "playchess.com"]
[Source "ChessBase"]
[SourceQuality "1"]
[TimeControl "180+2"]

1. c4 e5 2. Nc3 Nf6 3. Nf3 Nc6 4. d4 exd4 5. Nxd4 Be7 6. g3 O-O 7. Bg2 Nxd4 8. Qxd4 d6 9. O-O Rb8 10. b3 c6 11. Bb2 Qb6 12. Qxb6 axb6 13. Na4 Bd8 14. Rfd1 Ne8 15. Bd4 b5 16. cxb5 cxb5 17. Nc3 Bd7 18. Be3 Bc6 19. Bf4 Bxg2 20. Kxg2 Rc8 21. Nxb5 Rc2 22. Rd2 Rxd2 23. Bxd2 Bf6 24. Bc3 Bxc3 25. Nxc3 Nc7 26. e4 Rc8 27. a4 Kf8 28. b4 Ke7 29. a5 Na6 30. Nd5+ Ke6 31. b5 Nc5 32. a6 bxa6 33. bxa6 Nxe4 34. a7 Rc2 35. a8=Q Rxf2+ 36. Kh3 Ng5+ 37. Kg4 Ne4 38. Nf4+ Kf6 39. Qd8+ Ke5 40. Ra5+ Kd4 41. Ra4+ Ke3 42. Rxe4+ Kxe4 43. Qxd6 f5+ 44. Kg5 Rxh2 45. Qd5+ Ke3 46. Qd3+ Kf2 47. Kxf5 g6+ 48. Ke4 g5 49. Qf3+ Kg1 50. Ne2+ Rxe2+ 51. Qxe2 g4 52. Qxg4 h5 53. Qxh5 Kg2 54. g4 Kg3 55. g5 1-0

[Event "GER-chW Blitz 2019"]
[Site "Magdeburg"]
[Date "2019.05.25"]
[Round "8.1"]
[White "Roesler, Hannah Clara Hed"]
[Black "Zimmer, Elke"]
[Result "0-1"]
[ECO "C55"]
[WhiteElo "1619"]
[BlackElo "1926"]
[Annotator "NA"]
[PlyCount "112"]
[EventDate "2019.05.25"]
[EventType "tourn"]
[EventCountry "GER"]
[SourceTitle "playchess.com"]
[Source "ChessBase"]
[SourceQuality "1"]
[TimeControl "180+2"]

1. e4 e5 2. Nf3 Nc6 3. Bc4 Nf6 4. d4 d6 5. dxe5 Nxe4 6. Qd5 Be6 7. Qxe4 d5 8. Bxd5 Qxd5 9. Nc3 Qxe4+ 10. Nxe4 Bf5 11. Nfd2 Nxe5 12. O-O O-O-O 13. b3 Bb4 14. c3 Ba5 15. Bb2 Nd3 16. Ba3 Rhe8 17. Ng3 Bg6 18. Nc4 Bxc3 19. Rad1 Nf4 20. Bc1 Rxd1 21. Rxd1 Nd3 22. Rxd3 Bxd3 23. h3 Bxc4 24. bxc4 Re1+ 25. Kh2 Rxc1 26. Ne4 Be5+ 27. g3 Rxc4 28. Ng5 f6 29. Nf3 Rc2 30. Kg2 Rxa2 31. Ne1 Rd2 32. Kf3 a5 33. Ke3 Rd4 34. f4 Rd1 35. Nd3 Rxd3+ 36. Kxd3 Bd6 37. Kc4 c6 38. Kb3 b5 39. h4 Kc7 40. Kc3 Kb6 41. Kb3 c5 42. Kc3 a4 43. Kb2 b4 44. Kc2 Kb5 45. Kb1 a3 46. Ka2 Ka4 47. Kb1 c4 48. Kc2 b3+ 49. Kb1 Bc5 50. Kc1 a2 51. Kb2 Bd4+ 52. Kc1 a1=Q+ 53. Kd2 Qc3+ 54. Ke2 Qe3+ 55. Kd1 Bc3 56. h5 Qd2# 0-1

[Event "GER-chW Blitz 2019"]
[Site "Magdeburg"]
[Date "2019.05.25"]
[Round "8.2"]
[White "Kopylov, Luba"]
[Black "Mader, Lena"]
[Result "1-0"]
[ECO "E81"]
[WhiteElo "2078"]
[BlackElo "1839"]
[Annotator "NA"]
[PlyCount "57"]
[EventDate "2019.05.25"]
[EventType "tourn"]
[EventCountry "GER"]
[SourceTitle "playchess.com"]
[Source "ChessBase"]
[SourceQuality "1"]
[TimeControl "180+2"]

1. d4 Nf6 2. c4 g6 3. Nc3 Bg7 4. e4 d6 5. f3 O-O 6. Be3 c5 7. Nge2 cxd4 8. Nxd4 Nc6 9. Qd2 Re8 10. Nde2 a6 11. g4 Ne5 12. Nd4 Nfd7 13. h4 Nc6 14. Nxc6 bxc6 15. h5 Ne5 16. Be2 a5 17. Bh6 Bh8 18. f4 Nxc4 19. Bxc4 Bxg4 20. hxg6 hxg6 21. Qh2 Qb6 22. Bf8 Qe3+ 23. Ne2 Bh5 24. Bh6 Bxb2 25. Rb1 Bc3+ 26. Kf1 Qf3+ 27. Qf2 Qg4 28. Rg1 Qh3+ 29. Qg2 1-0

[Event "GER-chW Blitz 2019"]
[Site "Magdeburg"]
[Date "2019.05.25"]
[Round "8.3"]
[White "Gheng, Simona"]
[Black "Braje, Monika"]
[Result "1-0"]
[ECO "B01"]
[WhiteElo "1991"]
[BlackElo "1781"]
[Annotator "NA"]
[PlyCount "155"]
[EventDate "2019.05.25"]
[EventType "tourn"]
[EventCountry "GER"]
[SourceTitle "playchess.com"]
[Source "ChessBase"]
[SourceQuality "1"]
[TimeControl "180+2"]

1. e4 d5 2. exd5 Nf6 3. d4 Nxd5 4. Nf3 g6 5. c3 Bg7 6. Bd3 O-O 7. O-O Nc6 8. h3 e5 9. dxe5 Nxe5 10. Nxe5 Bxe5 11. Bh6 Re8 12. Bc4 c6 13. Qf3 Be6 14. Nd2 b5 15. Bb3 a5 16. Rfe1 Bh8 17. Ne4 a4 18. Bg5 f6 19. Bxd5 Bxd5 20. Nxf6+ Bxf6 21. Rxe8+ Qxe8 22. Qxf6 Qf7 23. Qd6 Re8 24. Be3 Re6 25. Qd8+ Kg7 26. Qg5 Re8 27. Qh6+ Kg8 28. a3 Qf8 29. Qg5 Qe7 30. Qh6 Qf8 31. Rd1 Qg7 32. Qxg7+ Kxg7 33. g3 Kf6 34. Bd4+ Ke6 35. Re1+ Kd7 36. Rxe8 Kxe8 37. f4 Kf7 38. Kf2 Ke6 39. Ke3 h5 40. g4 hxg4 41. hxg4 Bb3 42. Be5 Bc2 43. Kd4 Bb3 44. Bg7 Bd5 45. Kc5 Be4 46. c4 bxc4 47. Kxc4 Bd5+ 48. Kc5 Bf3 49. Kb4 Bd1 50. g5 Kd5 51. Be5 Bc2 52. Kc3 Bd1 53. Bc7 Bb3 54. f5 gxf5 55. g6 Ke4 56. g7 f4 57. Kb4 f3 58. Bg3 Ke3 59. g8=Q Bxg8 60. Kxa4 f2 61. Bxf2+ Kxf2 62. Ka5 c5 63. Kb5 c4 64. a4 Bd5 65. Kc5 Ba8 66. Kxc4 Ke3 67. Kc5 Kd3 68. b4 Kc3 69. b5 Kb3 70. a5 Ka4 71. Kb6 Be4 72. a6 Bf3 73. a7 Kb4 74. Ka6 Kc5 75. b6 Be2+ 76. Kb7 Kb5 77. Kc7 Bf3 78. b7 1-0

[Event "GER-chW Blitz 2019"]
[Site "Magdeburg"]
[Date "2019.05.25"]
[Round "8.4"]
[White "Kunze, Kerstin"]
[Black "Schulze, Lara"]
[Result "1-0"]
[ECO "C01"]
[WhiteElo "2066"]
[BlackElo "2160"]
[Annotator "NA"]
[PlyCount "65"]
[EventDate "2019.05.25"]
[EventType "tourn"]
[EventCountry "GER"]
[SourceTitle "playchess.com"]
[Source "ChessBase"]
[SourceQuality "1"]
[TimeControl "180+2"]

1. e4 e6 2. d4 d5 3. exd5 exd5 4. c4 Nf6 5. Nf3 Bb4+ 6. Bd2 Bxd2+ 7. Nbxd2 O-O 8. Be2 dxc4 9. Nxc4 Nc6 10. h3 Nd5 11. Qd2 Qf6 12. Nfe5 Nce7 13. O-O Qf4 14. Qxf4 Nxf4 15. Bf3 c6 16. Rfe1 Ned5 17. Nd6 f6 18. Nec4 b5 19. Na5 Bd7 20. Kh2 Nd3 21. Re2 N3f4 22. Rc2 Nb4 23. Rd2 Nfd5 24. a3 Na6 25. Rc1 Nb8 26. Nab7 a5 27. Nc5 Ra7 28. Nxd7 Rxd7 29. Bxd5+ cxd5 30. Nxb5 Rb7 31. a4 Na6 32. Re2 Kf7 33. Nd6+ 1-0